 Dungeon Crawl Stone Soup version 0.19-a0-628-g9200b3b (webtiles) character file.

19 mistymad the Ruffian (level 2, 0/25 HPs)
             Began as a Naga Transmuter on June 13, 2016.
             Slain by a jackal (2 damage)
             ... on level 1 of the Dungeon.
             The game lasted 00:04:47 (890 turns).

mistymad the Ruffian (Naga Transmuter)               Turns: 890, Time: 00:04:47

Health: 0/25       AC:  1    Str: 12    XL:     2   Next: 75%
Magic:  1/5        EV: 10    Int: 13    God:
Gold:   29         SH:  0    Dex: 11    Spells: 2 memorised, 2 levels left

rFire  . . .     SeeInvis +     g - +0 dagger
rCold  . . .     Gourm    .     b - +0 robe
rNeg   . . .     Faith    .     (no shield)
rPois  +         Spirit   .     (no helmet)
rElec  .         Dismiss  .     (no cloak)
rCorr  .         Reflect  .     (no gloves)
SustAt .         Harm     .     (no barding)
MR     .....                    (no amulet)
Stlth  +.........               (no ring)
                                k - ring of flight

@: appendage (expiring), very slow, not resistant to hostile enchantments, very
unstealthy
A: horns 2, see invisible, deformed body, poison resistance, slowness 2, slow
metabolism 1, spit poison 2, AC +0
a: Spit Poison, End Transformation, Evoke Flight


You were on level 1 of the Dungeon.
You were not hungry.
You had grown temporary horns.
You visited 1 branch of the dungeon, and saw 1 of its levels.

You collected 29 gold pieces.

Inventory:

Hand Weapons
 g - a +0 dagger (weapon)
Missiles
 a - 11 arrows
Armour
 b - a +0 robe (worn)
Jewellery
 k - a ring of flight (left hand)
Scrolls
 e - 2 scrolls of remove curse {unknown}
 h - a scroll of fear {unknown}
 i - 2 scrolls of enchant armour {unknown}
 l - a scroll of identify {unknown}
Potions
 f - a potion of curing {unknown}
Books
 c - a book of Changes

   Spells                             Type                      Level
   a - Beastly Appendage              Transmutation                1
   b - Sticks to Snakes               Transmutation                2
   c - Spider Form                    Transmutation/Poison         3
   d - Ice Form                       Ice/Transmutation            4
   e - Blade Hands                    Transmutation                5
Comestibles
 d - a bread ration
 j - a chunk of flesh


   Skills:
 - Level 1.0 Fighting
 - Level 1.5 Dodging
 - Level 3.3 Unarmed Combat
 - Level 2.2 Spellcasting
 * Level 2.5 Transmutations


You had 2 spell levels left.
You knew the following spells:

 Your Spells              Type           Power        Failure   Level  Hunger
a - Beastly Appendage     Tmut           #.....       10%         1    ##.....
b - Sticks to Snakes      Tmut           #.......     14%         2    ###....


Dungeon Overview and Level Annotations

Branches:
Dungeon (1/15)

Altars:


Innate Abilities, Weirdness & Mutations

You cannot wear boots.
Your serpentine skin is tough. (AC +0)
You have supernaturally acute eyesight. (SInv)
Armour fits poorly on your strangely shaped body.
Your system is resistant to poisons. (rPois)
You cover ground very slowly.
You have a slow metabolism.
You can spit poison.
You have a pair of horns on your head.


Message History

Your ball python completely misses the jackal.
The jackal bites you.
* * * LOW HITPOINT WARNING * * *
The jackal closely misses you.
You take 3 damage, and have 3/25 hp.
You swap places.
Your ball python closely misses the jackal.
Your ball python grabs the jackal.
Your ball python constricts the jackal.
The jackal bites your ball python. The jackal bites you.
* * * LOW HITPOINT WARNING * * *
Your ball python barely misses the jackal.
Your ball python constricts the jackal.
The jackal bites your ball python.
Your ball python dies!
You take 1 damage, and have 2/25 hp.
Really slither into that teleport trap?
You enter a teleport trap!
The teleport trap disappears.
Your surroundings seem slightly different.
Your transformation is almost over.
The jackal bites you.
You die...

#.# #.## # ######### #.># #.
.......##.##.## #.. ...#....
#..# #... #.#..######.##
#.... #............#
#.....#..ยง.#######.##
......hh@..'..# #..#
#.....#....##.# #..##
#.....#.....#.# #...# #....
###...#.# #.#># #####
#...#.####.#.#
#####......#.#
####################.#
#######.................##.#
#.....#.###############.##.#


You could see 2 jackals.

Vanquished Creatures
  A giant gecko (D:1)
  A bat (D:1)
  A giant cockroach (D:1)
  A goblin (D:1)
  A hobgoblin (D:1)
  7 jackals (D:1)
  A kobold (D:1)
  2 rats (D:1)
15 creatures vanquished.

Notes
Turn   | Place    | Note
--------------------------------------------------------------
     0 | D:1      | mistymad the Naga Transmuter began the quest for the Orb.
     0 | D:1      | Reached XP level 1. HP: 18/18 MP: 3/3
   258 | D:1      | Reached XP level 2. HP: 25/25 MP: 5/5
   264 | D:1      | Learned a level 2 spell: Sticks to Snakes
   890 | D:1      | Slain by a jackal

Vault maps used:
D:1:      minmay_arrival_arboretum_large, minmay_crystal_room,
          kennysheep_another_room, st_stairs_8, minmay_misc_feat_cross

Action                   || total
-------------------------++-------
Melee: Unarmed           ||    14
       Headbutt          ||     4
       Dagger            ||    27
 Cast: Beastly Appendage ||     6
       Sticks to Snakes  ||     2
 Abil: Spit Poison       ||    11
Armor: Robe              ||     8
Dodge: Dodged            ||    41
